 Dungeon Crawl Stone Soup version 0.32-a0-928-g1cae6b7ea0 (webtiles) character file.

Game seed: 15992117553156289861

1 RBrandon the Cudgeller (level 1, -1/14 (17) HPs)
             Began as a Mountain Dwarf Reaver on Apr 13, 2024.
             Slain by a ball python (2 damage)
             ... on level 1 of the Dungeon.
             The game lasted 00:00:11 (39 turns).

RBrandon the Cudgeller (Mountain Dwarf Reaver)        Turns: 39, Time: 00:00:11

HP:   -1/14 (17)    AC:  3    Str: 14    XL:     1   Next: 16%
MP:   2/3           EV: 10    Int: 13    God:
Gold: 6             SH:  0    Dex:  8    Spells: 2/3 levels left

rFire   . . .        a - +0 mace
rCold   . . .        (no shield)
rNeg    . . .        b - +0 leather armour
rPois   .            (no helmet)
rElec   .            (no cloak)
rCorr   .            (no gloves)
SInv    .            (no boots)
Will    .....        (no amulet)
Stlth   +            (no ring)
HPRegen 0.22/turn    (no ring)
MPRegen 0.08/turn

%: no passive effects
@: heavily drained
A: runic magic, artefact enchanting
a: no special abilities


You were on level 1 of the Dungeon.
You visited 1 branch of the dungeon, and saw 1 of its levels.

You collected 6 gold pieces.

Inventory:

Hand Weapons
 a - a +0 mace (weapon)
Armour
 b - a +0 leather armour (worn)


   Skills:
 + Level 2.2 Fighting
 + Level 3.6 Maces & Flails
 + Level 1.4 Dodging
 + Level 1.7 Spellcasting
 + Level 2.7 Conjurations


You had 2 spell levels left.
You knew the following spells:

 Your Spells              Type           Power      Damage    Failure   Level
a - Kiss of Death         Conj/Necr      16%        2d6       16%         1

Your spell library contained the following spells:

 Spells                   Type           Power      Damage    Failure   Level
 Momentum Strike          Conj/Tloc      8%         3d8       24%         2
 Hailstorm                Conj/Ice       4%         3d5       43%         3


Dungeon Overview and Level Annotations

Branches:
Dungeon (1/15)

Altars:


Innate Abilities, Weirdness & Mutations

Your spellcasting is much less encumbered by armour.
You can use scrolls of enchantment on lesser artefacts.


Message History

The ball python bites you but does no damage. x2
The ball python barely misses you.
A kobold comes into view. It is wielding a +0 dagger.
The ball python bites you. The ball python grabs you.
The ball python constricts you. The goblin attacks as it pursues you!
The goblin hits you with a +0 club. The ball python bites you.
The ball python's grasp on you weakens, but your attempt to escape fails.
The ball python bites you.
* * * LOW HITPOINT WARNING * * *
The ball python constricts you.
* * * LOW HITPOINT WARNING * * *
The ball python completely misses you. The goblin hits you but does no damage.
A goblin comes into view. It is wielding a +0 club.
The ball python's grasp on you weakens, but your attempt to escape fails.
The goblin shouts!
The ball python bites you.
* * * LOW HITPOINT WARNING * * *
The ball python constricts you.
* * * LOW HITPOINT WARNING * * *
The ball python bites you but does no damage.
The goblin hits you with a +0 club.
* * * LOW HITPOINT WARNING * * *
The ball python bites you but does no damage.
The ball python constricts you.
* * * LOW HITPOINT WARNING * * *
You escape the ball python's grasp.
The goblin attacks as it pursues you! The goblin hits you with a +0 club.
* * * LOW HITPOINT WARNING * * *
Casting: Kiss of Death (safe; 16% risk of failure)
Confirm with . or Enter, or press ? or * to list all spells.
Aiming: Kiss of Death (safe; 16% risk of failure)
Press: ? - help, Shift-Dir - straight line, f - ball python
Aim: a ball python (100% to hit)
The fragment of death hits the ball python!
The ball python is drained!
You kill the ball python!
You feel drained.
The ball python attacks as it pursues you!
The ball python bites you.
You die...

÷.... ##......##...#
.....# ##...÷÷##...#
# ##÷..
#..........#.# #...
########.....#.#
#......####....#
#.......####...#
#.....##.....#
.#.#............#
.......@Sg....#.....
....#####.....#.....
...
#.#$#g....#.....# .
#..$........#....
#.#)#g......#....
###.......#
......... .........
..........


You could see a goblin and a ball python.

Vanquished Creatures
  A ball python (D:1)
1 creature vanquished.

Notes
Turn   | Place    | Note
-------+----------+-------------------------------------------
     0 | D:1      | RBrandon the Mountain Dwarf Reaver began the quest for the
                  | Orb.
     0 | D:1      | Reached XP level 1. HP: 17/17 MP: 3/3
    39 | D:1      | Slain by a ball python

Illustrated notes

Levels and vault maps discovered:
D:1:      amcnicky_arrival_wind_blow, layout_basic, minmay_split_cup_small

Action                     || total
---------------------------++-------
  Melee: Mace              ||     1
   Cast: Kiss of Death     ||     1
 Armour: Leather armour    ||    17
  Dodge: Dodged            ||     2

Table legend: (Time is in decaauts)
 A = Elapsed time spent in this place.
 B = Non-inter-level travel time spent in this place.
 C = Inter-level travel time spent in this place.
 D = Time resting spent in this place.
 E = Time spent auto-exploring this place.
 F = Levels seen in this place.
 G = Mean time per level.
                   A        B        C        D        E       F      G
               +--------+--------+--------+--------+--------+-----+--------+
         Total |     39 |     39 |      0 |      0 |     26 |   1 |   39.0 |
       Dungeon |     39 |     39 |      0 |      0 |     26 |   1 |   39.0 |
               +--------+--------+--------+--------+--------+-----+--------+

Top non-repeatable levels by time:
     D:1: 39 daAuts

Levels and vault maps discovered:
D:1:      amcnicky_arrival_wind_blow, layout_basic, minmay_split_cup_small

Table legend: (Time is in decaauts)
 A = Elapsed time spent in this place.
 B = Non-inter-level travel time spent in this place.
 C = Inter-level travel time spent in this place.
 D = Time resting spent in this place.
 E = Time spent auto-exploring this place.
 F = Levels seen in this place.
 G = Mean time per level.
                   A        B        C        D        E       F      G
               +--------+--------+--------+--------+--------+-----+--------+
         Total |     39 |     39 |      0 |      0 |     26 |   1 |   39.0 |
       Dungeon |     39 |     39 |      0 |      0 |     26 |   1 |   39.0 |
               +--------+--------+--------+--------+--------+-----+--------+

Top non-repeatable levels by time:
     D:1: 39 daAuts

Table legend:
 A = Kills in this place as a percentage of kills in the entire game.
 B = Kills by you in this place as a percentage of kills by you in the entire game.
 C = Kills by friends in this place as a percentage of kills by friends in the entire game.
 D = Other kills in this place as a percentage of other kills in the entire game.
 E = Experience gained in this place as a percentage of experience gained in the entire game.
 F = Experience gained in this place divided by the number of levels of this place that you have seen.
                   A       B       C       D       E      F
               +-------+-------+-------+-------+-------+----------------------
         Total | 100.0 | 100.0 |   N/A |   N/A | 100.0 |   2.0
       Dungeon | 100.0 | 100.0 |   N/A |   N/A | 100.0 |   2.0
               +-------+-------+-------+-------+-------+----------------------
